Cogmind - Beta 15 @@@ ROGUE MODE // 2025.09.19 @ 13:28:56 Player: CatgirlLyra Result: Self-destructed Performance ------------- Evolutions (4) 2000 Regions Visited (6) 1200 Robots Destroyed (33) 165 Value Destroyed (879) 879 Prototype IDs (7) 140 Alien Tech Used (0) 0 Bonus (792) 792 TOTAL SCORE: 5176 Bonus ------- Registered with UFD 300 Met Optimus in HQ 500 Friendly Fire -8 Cogmind --------- Core Integrity 436/850 Matter 234/300 Energy 76/100 System Corruption 0% Temperature Hot (208) Movement Treading (260) Ox1 Location -6/Factory Parts ------- > --- POWER (2) -------- (None) > --- PROPULSION (2) --- Spiked Treads > --- UTILITY (8) ------ Large Storage Unit Improved Terrain Scan Processor Focal Shield > --- WEAPON (3) ------- Heavy Laser > --- INVENTORY (15) --- Armored Wheel Armored Wheel Armored Wheel Scrap Suit Compact Matter Pod (150) Authchip [Storage] Authchip [Armor] Heavy Rocket Launcher Multitool DRS Beacon (Ready) Peak State ------------ > --- POWER ------------ Makeshift Power Source Light Angular Momentum Engine > --- PROPULSION ------- Medium Treads Improved Medium Treads > --- UTILITY ---------- Advanced Heat Sink Cooling System Large Storage Unit Improved Terrain Scan Processor Improved Particle Charger Transmission Jammer Focal Shield > --- WEAPON ----------- Plasma Rifle Beamcaster Beamcaster > --- INVENTORY -------- Light Angular Momentum Engine Spiked Treads Armored Wheel Armored Wheel Armored Wheel Scrap Suit Compact Matter Pod Authchip [Storage] Authchip [Armor] Heavy Rocket Launcher Multitool DRS Beacon [Rating: 62] Favorites ----------- Power Light Angular Momentum Engine Engine Light Angular Momentum Engine Propulsion Spiked Treads Treads Spiked Treads Leg Aluminum Leg Wheel Armored Wheel Utility Large Storage Unit Device Disposable Heat Sink Storage Large Storage Unit Processor Improved Terrain Scan Processor Protection Scrap Shield Weapon Beamcaster Energy Gun Beamcaster Ballistic Gun Assault Rifle Launcher Heavy Rocket Launcher Special Weapon Multitool Build | -11 -10 -10 -10 -9 -9 -6 ------- Run | Yrd Mat Min Sub Rec Scr Fac Slots Evolved 8 | . . . . . . 8 Power 1 | . . . . . . 1 Propulsion . | . . . . . . . Utility 6 | . . . . . . 6 Weapon 1 | . . . . . . 1 Parts Attached 48 | 6 8 1 15 1 3 14 Power 9 | 1 2 . 3 . 1 2 Engine 9 | 1 2 . 3 . 1 2 Core . | . . . . . . . Reactor . | . . . . . . . Propulsion 14 | 2 3 . 5 . 1 3 Treads 9 | . 2 . 5 . 1 1 Leg 3 | 2 1 . . . . . Wheel 2 | . . . . . . 2 Hover . | . . . . . . . Flight . | . . . . . . . Utility 14 | 1 2 . 4 . 1 6 Device 9 | . 1 . 2 . 1 5 Storage 2 | 1 1 . . . . . Processor 1 | . . . . . . 1 Hackware . | . . . . . . . Protection 2 | . . . 2 . . . Artifact . | . . . . . . . Weapon 11 | 2 1 1 3 1 . 3 Energy Gun 7 | 1 . 1 3 . . 2 Energy Cannon . | . . . . . . . Ballistic Gun 2 | 1 1 . . . . . Ballistic Cannon . | . . . . . . . Launcher 1 | . . . . . . 1 Special Weapon 1 | . . . . 1 . . Impact Weapon . | . . . . . . . Slashing Weapon . | . . . . . . . Piercing Weapon . | . . . . . . . Special Melee Weapon . | . . . . . . . Unidentified Prototypes . | . . . . . . . Parts Lost 17 | . 1 1 2 . . 13 Power 4 | . 1 . . . . 3 Propulsion 2 | . . . . . . 2 Utility 7 | . . . 2 . . 5 Weapon 4 | . . 1 . . . 3 Highest Loss Streak 12 | . 1 1 1 . . 12 To Critical Strikes . | . . . . . . . Average Backups 10 | 2 8 14 7 14 13 10 Power 1 | . 1 2 2 3 1 . Propulsion 2 | 1 4 6 1 2 1 3 Utility 3 | . . 1 2 4 5 4 Weapon 2 | . 2 5 . 2 2 1 Tool/Special . | . . . . . . . Unused Backups 28 | . . . 8 1 14 5 Power 3 | . . . . 1 2 . Propulsion 4 | . . . 1 . 2 1 Utility 7 | . . . 1 . 2 4 Weapon 11 | . . . 5 . 6 . Tool/Special 3 | . . . 1 . 2 . Average Slot Usage (%) 95 | . 90 100 92 100 100 83 Engine 13 | . 13 14 14 14 14 12 Treads 25 | . 16 28 28 28 28 6 Leg 1 | . 11 . . . . . Device 12 | . 5 14 10 14 14 28 Storage 10 | . 14 14 4 14 14 6 Protection 1 | . . . 6 . . . Energy Gun 23 | . 5 9 24 27 28 15 Ballistic Gun 4 | . 22 18 3 . . . Peak Build Rating 62 | 6 11 12 25 26 29 62 Average Rating 23 | 5 7 11 20 25 26 49 On Entrance 15 | . 6 11 12 25 26 29 Naked Turns . | . . . . . . . Heaviest Build 57 | 14 30 31 40 40 40 57 Greatest Support 58 | 20 40 40 40 40 48 58 Greatest Overweight (x) 2 | 2 . . . . . 2 Average Overweight (x) . | . . . . . . 1 Largest Inventory Capacity 15 | 8 15 15 15 15 15 15 Average Capacity 12 | 7 12 15 7 15 15 15 Most Carried 15 | 4 15 15 15 15 15 14 Average Carried 11 | 2 8 14 7 14 14 12 Final Capacity 15 | 8 15 15 15 15 15 15 Final Carried 15 | 4 15 15 15 15 15 11 Class Distribution -------------------- 54% | Scavenger-Mutant 34% | Mutant 6% | Derelict-Mutant Dominant Class ---------------- Mutant | -10/Materials Mutant | -10/Mines Scavenger-Mutant | -10/Subcaves Scavenger-Mutant | -9/Recycling Scavenger-Mutant | -9/Scraptown Derelict-Mutant | -6/Factory Resources | -11 -10 -10 -10 -9 -9 -6 ----------- Run | Yrd Mat Min Sub Rec Scr Fac Matter Collected 1277 | 293 192 155 202 94 206 135 Remotely . | . . . . . . . Salvage Created 1580 | 188 360 147 360 74 . 451 Parts 70 | 8 13 4 23 3 . 19 Haulers Intercepted 2 | . 1 . . . . 1 Recyclers Shooed 3 | . . 3 . . . . Parts Field Recycled . | . . . . . . . Retrieved Matter . | . . . . . . . Parts Self-Destructed 13 | . . . 13 . . . Prevented . | . . . . . . . Kills | -11 -10 -10 -10 -9 -9 -6 ------- Run | Yrd Mat Min Sub Rec Scr Fac Combat Hostiles Destroyed 20 | . 5 1 6 . . 8 Guns 16 | . 5 1 6 . . 4 AOE 4 | . . . . . . 4 Classes Destroyed 8 | 2 4 . 2 . . . Worker 1 | . 1 . . . . . Tunneler 4 | 4 . . . . . . Hauler 2 | . 1 . . . . 1 Recycler 4 | 1 1 1 . 1 . . Watcher 2 | . 1 . . . . 1 Swarmer 6 | . . . 2 . . 4 Grunt 10 | . 5 1 . . . 4 Subdweller 4 | . . . 4 . . . Best Kill Streak 7 | 4 3 1 4 1 . 7 Combat Bots Only 7 | . 2 1 4 . . 7 Max Kills in Single Turn 4 | 1 1 1 1 1 . 4 Gunslinging . | . . . . . . . Exploded 4 | . . . . . . 4 Melee . | . . . . . . . Uniques/NPCs Destroyed . | . . . . . . . Combat | -11 -10 -10 -10 -9 -9 -6 -------- Run | Yrd Mat Min Sub Rec Scr Fac Hostile Shots Fired 227 | . 43 14 61 . . 109 Missed 54 | . 13 5 16 . . 20 Hits 173 | . 30 9 45 . . 89 Projectile 173 | . 30 9 45 . . 89 AOE 3 | . . . 3 . . . Critical Strikes 5 | . . . 1 . . 4 Damage Taken 3258 | . 400 137 985 . . 1736 Core 535 | . 48 14 59 . . 414 Absorbed by Shields . | . . . . . . . Core Remaining (%) 75 | 100 . . . . 51 . Volleys Fired 133 | 11 34 13 42 2 . 31 Largest 3 | 2 2 2 2 2 . 3 Hottest 225 | 70 70 76 150 150 . 225 Shots Fired 268 | 22 68 26 82 4 . 66 Gun 264 | 22 68 26 82 4 . 62 Cannon . | . . . . . . . Launcher 4 | . . . . . . 4 Special . | . . . . . . . Kinetic 90 | 11 43 18 18 . . . Thermal 174 | 11 25 8 64 4 . 62 Explosive 4 | . . . . . . 4 Electromagnetic . | . . . . . . . Robot Hit Streak 14 | 5 10 4 14 8 . 7 Robot Miss Streak 8 | 1 8 2 5 1 . 4 Penetration Max . | . . . . . . . Secondary Targets 5 | . 2 . 1 . . 2 Max Gunslinging Chain 1 | . 1 . 1 . . 1 Shots Hit Robots 175 | 15 41 16 59 3 . 41 Core Hits 71 | 6 18 6 19 1 . 21 Critical Kills . | . . . . . . . Critical Parts Destroyed . | . . . . . . . Critical Strikes 5 | . 1 . 2 . . 2 Burn 5 | . 1 . 2 . . 2 Melee Attacks . | . . . . . . . Impact . | . . . . . . . Slashing . | . . . . . . . Piercing . | . . . . . . . Sneak Attacks . | . . . . . . . Combat Hostiles . | . . . . . . . Follow-up Attacks . | . . . . . . . Damage Inflicted 3565 | 180 524 211 1214 63 . 1373 Guns 3216 | 180 521 209 1214 63 . 1029 Cannons . | . . . . . . . Explosions 344 | . . . . . . 344 Melee . | . . . . . . . Ramming 5 | . 3 2 . . . . Kinetic 744 | 107 336 136 165 . . . Thermal 2472 | 73 185 73 1049 63 . 1029 Explosive 344 | . . . . . . 344 Electromagnetic . | . . . . . . . Impact . | . . . . . . . Slashing . | . . . . . . . Piercing . | . . . . . . . Highest Corruption . | . . . . . . . Average Corruption . | . . . . . . . Corruption Purged . | . . . . . . . Corruption Blocked . | . . . . . . . Overload Shots . | . . . . . . . Overflow Damage 5 | . . . . . . 5 Projectiles . | . . . . . . . Explosions 5 | . . . . . . 5 Melee . | . . . . . . . Knockbacks . | . . . . . . . Impact . | . . . . . . . Kinetic . | . . . . . . . Secondary . | . . . . . . . Self-Inflicted Damage 60 | . . . . . . 60 Shots 1 | . . . . . . 1 Rammed 1 | . . 1 . . . . Targets Rammed 4 | . 3 1 . . . . Kicked 3 | . 3 . . . . . Crushed . | . . . . . . . Highest Temperature 474 | 45 275 . 178 192 . 474 Average Temperature 109 | 19 81 . 58 98 . 191 Received Heat Transfer 1194 | . 228 81 102 . . 783 Effects 10 | . . . . . . 10 Shutdowns 3 | . . . . . . 3 Energy Bleed 4 | . . . . . . 4 Interference 3 | . . . . . . 3 Siege Activations . | . . . . . . . Martial Activations . | . . . . . . . Shielding Activations . | . . . . . . . Robots Disrupted . | . . . . . . . Combat Hostiles . | . . . . . . . Robots Corrupted . | . . . . . . . Combat Hostiles . | . . . . . . . Parts Fried . | . . . . . . . Impact Corruptions . | . . . . . . . Robots Melted 1 | . . . . . . 1 Combat Hostiles . | . . . . . . . Parts Melted 5 | 2 . . 1 . . 2 Heat Transferred 4948 | 222 629 185 1878 111 . 1923 Parts Sabotaged . | . . . . . . . Parts Stolen . | . . . . . . . Parts Stripped . | . . . . . . . Power Chain Reactions . | . . . . . . . Alert | -11 -10 -10 -10 -9 -9 -6 ------- Run | Yrd Mat Min Sub Rec Scr Fac Maximum Alert Level . | . . . . . . . Low Security (%) 100 | 100 100 100 . 100 . 100 Level 1 . | . . . . . . . Level 2 . | . . . . . . . Level 3 . | . . . . . . . Level 4 . | . . . . . . . Level 5 . | . . . . . . . High Security . | . . . . . . . Max Security . | . . . . . . . Peak Influence 193 | 10 51 30 . 5 . 193 Initial 3 | . 3 . . . . . Average 5 | 2 10 2 . . . 10 Influence Increases 607 | 25 172 35 50 10 . 315 Destroy 0b10 Robot/C 320 | . 100 20 40 . . 160 Destroy 0b10 Robot/NC 65 | 25 20 5 . 5 . 10 Destroy Leader 78 | . 24 10 10 . . 34 Successful Hack 31 | . 26 . . 5 . . Disable Machine 30 | . . . . . . 30 Destroy Structure 38 | . 2 . . . . 36 Lose Combat Pursuer 45 | . . . . . . 45 Influence Decreases 432 | 20 177 35 50 10 . 140 Entered New Map 2 | . 2 . . . . . Time Decay 333 | 20 165 35 50 10 . 53 Lost Part 97 | . 10 . . . . 87 Squads Dispatched 4 | . 1 . . . . 3 Investigation 1 | . 1 . . . . . Extermination 1 | . . . . . . 1 Reinforcement 2 | . . . . . . 2 Assault . | . . . . . . . Garrison . | . . . . . . . Intercept . | . . . . . . . Searches Triggered . | . . . . . . . Construction Impeded . | . . . . . . . Haulers Reinforced 1 | . . . . . . 1 Active Scanning Responses . | . . . . . . . Cargo Convoy Interrupts . | . . . . . . . Stealth | -11 -10 -10 -10 -9 -9 -6 --------- Run | Yrd Mat Min Sub Rec Scr Fac Distress Signals 3 | . 2 . . . . 1 Communications Jammed . | . . . . . . . Distress Signals . | . . . . . . . Times Spotted 42 | . 8 2 17 . . 15 Peak Tracking Total 7 | . 4 1 6 . . 7 Tactical Retreats 2 | . . . . . . 2 Traps | -11 -10 -10 -10 -9 -9 -6 ------- Run | Yrd Mat Min Sub Rec Scr Fac Traps Triggered 1 | . . . 1 . . . Indirectly . | . . . . . . . Trap Hack Attempts . | . . . . . . . Triggered . | . . . . . . . Disarmed . | . . . . . . . Reprogrammed . | . . . . . . . Reused . | . . . . . . . Traps Extracted . | . . . . . . . Installed . | . . . . . . . Triggered . | . . . . . . . Machines | -11 -10 -10 -10 -9 -9 -6 ---------- Run | Yrd Mat Min Sub Rec Scr Fac Machines Disabled 2 | . . . . . . 2 Max in Single Turn 1 | . . . . . . 1 Machines Repaired . | . . . . . . . Machines Dismantled . | . . . . . . . Machines Sabotaged . | . . . . . . . Overloaded Fab Kills . | . . . . . . . Hacking | -11 -10 -10 -10 -9 -9 -6 --------- Run | Yrd Mat Min Sub Rec Scr Fac Machines Accessed 15 | . 6 . . 5 4 . Terminals 10 | . 6 . . 4 . . Fabricators . | . . . . . . . Repair Stations . | . . . . . . . Recycling Units . | . . . . . . . Scanalyzers . | . . . . . . . Garrison Access . | . . . . . . . Total Hacks 54 | . 15 . . 17 22 . Successful 39 | . 7 . . 10 22 . Failed 14 | . 8 . . 6 . . Catastrophic . | . . . . . . . Database Lockouts 1 | . . . . 1 . . Manual 15 | . 7 . . 8 . . Terminals 26 | . 15 . . 11 . . Fabricators . | . . . . . . . Repair Stations . | . . . . . . . Recycling Units . | . . . . . . . Scanalyzers . | . . . . . . . Garrison Access . | . . . . . . . Terminal Hacks 38 | . 7 . . 9 22 . Record 21 | . . . . 5 16 . Robot Analysis 10 | . 4 . . . 6 . Prototype ID Bank 4 | . 1 . . 3 . . Locate Traps 1 | . 1 . . . . . Hauler Manifests 1 | . 1 . . . . . Release Object 1 | . . . . 1 . . Fabricator Hacks . | . . . . . . . Repair Station Hacks . | . . . . . . . Recycling Unit Hacks . | . . . . . . . Scanalyzer . | . . . . . . . Garrison Access Hacks . | . . . . . . . Unauthorized Hacks 1 | . . . . 1 . . Terminals 1 | . . . . 1 . . Botnet 1 | . . . . 1 . . Fabricators . | . . . . . . . Repair Stations . | . . . . . . . Recycling Units . | . . . . . . . Scanalyzers . | . . . . . . . Garrison Access . | . . . . . . . Data Cores Recovered . | . . . . . . . Used . | . . . . . . . Hacking Detections 6 | . 6 . . . . . Full Trace Events 5 | . 1 . . 4 . . Feedback Events . | . . . . . . . Feedback Blocked . | . . . . . . . Robot Schematics Acquired . | . . . . . . . Robots Built . | . . . . . . . Authchips . | . . . . . . . Time . | . . . . . . . Total Robot Build Rating . | . . . . . . . Part Schematics Acquired . | . . . . . . . Parts Built . | . . . . . . . Authchips . | . . . . . . . Time . | . . . . . . . Total Part Build Rating . | . . . . . . . Parts Repaired . | . . . . . . . Time . | . . . . . . . Parts Recycled . | . . . . . . . Recycled Matter . | . . . . . . . Retrieved Matter . | . . . . . . . Retrieved Components . | . . . . . . . Parts Scanalyzed . | . . . . . . . Part Schematics Acquired . | . . . . . . . Parts Damaged . | . . . . . . . Bothacking | -11 -10 -10 -10 -9 -9 -6 ------------ Run | Yrd Mat Min Sub Rec Scr Fac Used RIF Installer . | . . . . . . . Robots Hacked . | . . . . . . . Non-combat . | . . . . . . . Combat . | . . . . . . . Robot Hacks Applied . | . . . . . . . Relay Couplers Released . | . . . . . . . Fabnet Peak Effective % . | . . . . . . . Robots Rewired . | . . . . . . . Allies Hacked . | . . . . . . . Hacks Repelled . | . . . . . . . Allies | -11 -10 -10 -10 -9 -9 -6 -------- Run | Yrd Mat Min Sub Rec Scr Fac Total Allies . | . . . . . . . Largest Group . | . . . . . . . Highest-Rated Group . | . . . . . . . Highest-Rated Ally . | . . . . . . . Total Orders . | . . . . . . . Ally Attacks . | . . . . . . . Total Damage . | . . . . . . . Kills . | . . . . . . . Allies Corrupted . | . . . . . . . Allies Melted 1 | . . . 1 . . . Intel | -11 -10 -10 -10 -9 -9 -6 ------- Run | Yrd Mat Min Sub Rec Scr Fac Active Infowar (turns) 376 | . . . . . . 376 Terrain 202 | . . . . . . 202 Jamming 376 | . . . . . . 376 Robot Analysis Total 10 | . 4 . . . 6 . Derelict Logs Recovered 6 | . . . 1 . 5 . Drone Launches . | . . . . . . . Drone Recoveries . | . . . . . . . Exploration | -11 -10 -10 -10 -9 -9 -6 ------------- Run | Yrd Mat Min Sub Rec Scr Fac Turns Passed 7447 | 117 650 436 2124 727 2973 420 Spaces Moved 4324 | 60 345 229 1206 434 1840 210 Core 8 | 8 . . . . . . Treads 4009 | . 217 229 1206 434 1840 83 Legs 180 | 52 128 . . . . . Wheels 127 | . . . . . . 127 Hover . | . . . . . . . Flight . | . . . . . . . Fastest Speed 50 | 50 120 160 160 160 160 120 Average Speed 157 | 119 145 160 160 160 160 136 Slowest Speed 250 | 150 160 160 160 160 160 250 Overloaded Moves . | . . . . . . . Propulsion Burnouts . | . . . . . . . Robots Hopped . | . . . . . . . Potential Cave-ins . | . . . . . . . Cave-ins Triggered . | . . . . . . . Exploration Rate (%) 47 | 4 44 51 55 80 95 6 Regions Visited 6 Branch Regions 4 Pre-discovered Areas . | . . . . . . . Known Exits Taken . | . . . . . . . Unknown Exits Taken 6 | 1 1 1 1 1 1 . Scrap Searched 11 | . . . 3 . 8 . Spaces Dug . | . . . . . . . Terrain Destroyed 62 | . . . . . . 62 Melee . | . . . . . . . Projectile . | . . . . . . . AOE 62 | . . . . . . 62 Terrain Rammed . | . . . . . . . Walls Destroyed . | . . . . . . . Machines Disabled . | . . . . . . . Actions | -11 -10 -10 -10 -9 -9 -6 --------- Run | Yrd Mat Min Sub Rec Scr Fac Total 4716 | 80 423 272 1326 456 1878 281 Wait 85 | . 22 28 12 5 . 18 Move 4318 | 59 344 228 1205 433 1839 210 Hop . | . . . . . . . Pick Up 55 | 4 10 1 18 2 17 3 Fast Attach 20 | 6 3 . 7 . . 4 Attach 13 | . 1 1 2 . . 9 Detach 1 | . . . . . . 1 Swap 29 | . 4 . 8 8 4 5 Drop 49 | . 2 . 27 2 18 . Fire 133 | 11 34 13 42 2 . 31 Melee . | . . . . . . . Ram . | . . . . . . . Kick 3 | . 3 . . . . . Crush 1 | . . 1 . . . . Escape Stasis . | . . . . . . . Rewire . | . . . . . . . Trap . | . . . . . . . Miscellaneous 9 | . . . 5 4 . . Route ------- -11/Scrapyard -10/Materials (discovered 2 exits: [*Mat] / [*Min]) -10/Mines -10/Subcaves (discovered 3 exits: [*Mat x2] / *Rec) -9/Recycling (discovered 2 exits: [*Fac] / *Scr) -9/Scraptown (discovered 2 exits: *Fac x2) -6/Factory (discovered 2 exits: Fac / Low) History --------- Turn | Location | Event 19 | -11/Scrapyard | Discovered new exit (range 14) 118 | -11/Scrapyard | Entered Materials 312 | -10/Materials | Build established: Mutant 356 | -10/Materials | Discovered new exit (range 3) 679 | -10/Materials | Discovered new exit (range 10) 768 | -10/Materials | Entered Mines 798 | -10/Mines | Met a Derelict bent on vengeance 1098 | -10/Mines | Discovered new exit (range 11) 1204 | -10/Mines | Entered Subcaves 1205 | -10/Subcaves | Approached by a straggling Scientist 1550 | -10/Subcaves | Curiously followed by a Cobbler waking with a query about "LVR3C" 1576 | -10/Subcaves | Ambushed by swarm of Subdwellers 1898 | -10/Subcaves | Discovered new exit (range 15) 2259 | -10/Subcaves | A swath of the cavern ceiling suddenly collapsed 2538 | -10/Subcaves | Build established: Scavenger-Mutant 2590 | -10/Subcaves | Discovered new exit (range 14) 3186 | -10/Subcaves | Discovered new exit (range 12) 3208 | -10/Subcaves | Shifting Twisted Machinery released Flamer 3208 | -10/Subcaves | Shifting Twisted Machinery released Flamer 3328 | -10/Subcaves | Entered Recycling 3646 | -9/Recycling | Scanned before Scraplab entrance 3863 | -9/Recycling | Discovered new exit (range 15) 4034 | -9/Recycling | Entered Scraplab 4050 | -9/Recycling | Discovered new exit (range 3) 4055 | -9/Recycling | Entered Scraptown 4359 | -9/Scraptown | Visited Shadow of the Wyrm 4396 | -9/Scraptown | Visited Bundlers 4507 | -9/Scraptown | Visited Cave Peace 4585 | -9/Scraptown | Scanned Subdweller tech in exchange for log data 4588 | -9/Scraptown | Learned Factory terminal intel 4591 | -9/Scraptown | Learned 12 Factory zone layouts 4593 | -9/Scraptown | Learned Factory trap positions 5069 | -9/Scraptown | Heard Great Nut preacher, LISTEN AND RECITE! 5239 | -9/Scraptown | Visited Fellowship of the Rings 5333 | -9/Scraptown | Visited SPCMW 5375 | -9/Scraptown | Visited Artisan Demo Area 5456 | -9/Scraptown | Visited Comm Corps 5611 | -9/Scraptown | Discovered new exit (range 5) 5767 | -9/Scraptown | Visited UFD Registry 5768 | -9/Scraptown | Registered with UFD as "Roughglider" 5811 | -9/Scraptown | Visited Supply Room 5861 | -9/Scraptown | Visited Junk Repository 5938 | -9/Scraptown | Visited Scrap Suit Storage 6034 | -9/Scraptown | Delivered Scrap Shield to a Scientist 6235 | -9/Scraptown | Found Scrap Suit 6263 | -9/Scraptown | Visited Analyses Database 6311 | -9/Scraptown | Visited Supply Room 6376 | -9/Scraptown | Visited DA-N13 Charitable Foundation 6392 | -9/Scraptown | Found DCF Scrap (27 items) 6549 | -9/Scraptown | Discovered new exit (range 3) 6605 | -9/Scraptown | Visited Derelict Rescue Squad 6614 | -9/Scraptown | Build established: Derelict-Mutant 6624 | -9/Scraptown | Found DRS Beacon 6667 | -9/Scraptown | Visited Junk Repository 6732 | -9/Scraptown | Visited Abandonware Association 6752 | -9/Scraptown | Learned abandonware demo "HACKBUD.EXE" 6752 | -9/Scraptown | Learned abandonware demo "REBOOT5.EXE" 6912 | -9/Scraptown | Met Optimus 6912 | -9/Scraptown | Accepted into 0bPrime 6965 | -9/Scraptown | Build established: Mutant 7028 | -9/Scraptown | Entered Factory 7028 | -6/Factory | Evolved 8 slots: Power x1, Utility x6, Weapon x1 7029 | -6/Factory | Identified exit to Lower Caves 7030 | -6/Factory | Identified exit to Factory 7031 | -6/Factory | Loaded intel: 105 trap records 7032 | -6/Factory | Loaded intel: 28 terminal locations 7448 | -6/Factory | Self-destructed Last Messages --------------- 07422_ Imp. Medium Treads destroyed. 07423_ Power failure, Lgt. Angular Momentum Engine shutdown. 07424_ Overheating: Energy bleed (-19). 07424_ Lgt. Angular Momentum Engine destroyed. 07425_ Beamcaster destroyed. 07428_ Overheating: System interference. 07428_ Focal Shield temporarily disabled. 07432_ Subcomponent Replicator disabled. 07432_ Destroyed Lgt. Angular Momentum Engine. 07432_ Plasma Rifle destroyed. 07433_ Overheating: Energy bleed (-34). 07434_ S-27 Virus destroyed. 07434_ Terminal disabled. 07434_ S-27 Virus destroyed. 07434_ Destroyed VTOL Module. 07434_ S-27 Virus destroyed. 07439_ The unstable cave ceiling collapses. 07441_ Acquired Hvy. Laser. 07441_ Lgt. Angular Momentum Engine destroyed. Map ----- +----------------------------------------------------+ | ?????????????????????????????????????# | | ?????????????????????????????????????# | | ?????????????????????????????????????# | | ?????????????????????????????????????# | | ?????????????????????????????????????# | | ?????????????????????????????????????############# | | ?????????????????????????????????????????# #?????? | | ?????????????????????????????????????????# #?????? | | ?????????????????????????????????????????######### | | ?????????????????????????????????????????# | | ?????????????????????????????????????????# | | ?????????????????????????????????????????# "" | | ?????????????????????????????????????????# """" | | ?????????????????????????#####???????????# """" | | ???????????????????????? #???????????# | | ???????????????????????# #???????????# "" | | ???????????????????????# #???????????# """" | | ???????????????????????# #???????????# """" | | ???????????????????????# #???????????# | | ???????????????????????# ! #???????????# | | ??????????????????????##"" ##??????????# | | ??????????????????????# "" #??????????######### | | ??????????????????????# " #??????????????# | | ??????????????????????# ######?????????# | | ??????????????????????# #?????????# | | ??????????????????????# @%g [ #?????????# | | ??????????????????????## = %*%#?????????# | | ??????????????????????# =%g= *= ######## | | ??????????????????????+ ![ R | | ??????????????????????# #########+ | | ??????????????????????## +## # ???# | | ??????????????????????? ### ???# | | ??????????????????????? #?# #???# | | ??????????????????????? #?# ????# """ "" | | ??????????????????????# #?# # ????# """ "" | | ??????????????????????######### #?#?????# """ "" | | ????????????????????????? # #???????# | | ??????????????????????"T" # #???????# """ "" | | ??????????????^?????????? # #???????# """ "" | | ??????????????^?????????? #=%!#???????# """ "" | | ???????????^????????????? """ # #???????# | | ?????????????????????????"""" # ################ | | ??????????^??????????????"""" # # ##? | | ???????????^?^??????????? # # #?? | | ?????????????????????????###### # #?? | | ????????????????????????? # ### | | ????????????????????????? # ### | | ????????????????????????? # """" """" #?? | | ????????????????????????? #### + """" """" ##? | | ????????????????????????? #??# # """" """" #?# | +----------------------------------------------------+ Best States ------------- Heat Dissipation 59 Coolant Potential 100 Energy Generation 31 Energy Capacity 250 Matter Stores 300 Matter Capacity 300 Sight Range 16 Terrain Scan Range 20 Terrain Scan Density 110 Jamming Range 12 Armor Coverage 800 Resistance: KI 20 Evasion (%) 55 Recoil Reduction 2 Particle Charging 20 Authchip Count 2 Item Schematics ----------------- None Robot Schematics ------------------ None Fabricated ------------ Nothing Repaired ---------- Nothing Alien Tech Used ----------------- None Achievements -------------- None Challenges ------------ None Game ------ Seed FortressSwordPick Manual? 0 Play Time 00:55:56 Cumulative 105.2 hours Start 2025.09.13 @ 14:01:49 End 2025.09.19 @ 13:28:56 Sessions 3 Manual Loads 0 Difficulty Rogue Special Mode None Game No. 59 Rogue 59 Adventurer 0 Explorer 0 Win Type - Total 3 Types 1/0/0/2/0/0/0/0/0/0 Lore% 55 Gallery% 60 Achievement% 56 Wizard Run 0 Options --------- Layout 1 ASCII 0 Keyboard 0 Movement Numpad Keybinds 0 Fullscreen 1 Font 24/Terminus Map View 50x35 Zoom Use 0% Tactical HUD 1 Map Filters NONE Filters NONE Steam 1 RUN: c1a95a70-ac5a-4110-9e1e-346b61fbc34d